[Event "1000GM 0004 IM Norm 2022"]
[Site "Saint Louis"]
[Date "2022.09.24"]
[Round "6.1"]
[White "Denby, Caleb"]
[Black "Yim, Sung Ho"]
[Result "0-1"]
[ECO "E20"]
[WhiteElo "2201"]
[BlackElo "2207"]
[Annotator "TA"]
[PlyCount "60"]
[EventDate "2022.09.21"]
[EventType "tourn"]
[EventCountry "USA"]
[SourceTitle "playchess.com"]
[Source "ChessBase"]
[SourceQuality "1"]
[TimeControl "5400+30"]

1. d4 Nf6 2. c4 e6 3. Nc3 Bb4 4. f3 c5 5. d5 b5 6. e4 {[%emt 0:00:09] E20: Nimzo-Indian: 4 g3 and 4 f3.} d6 {[%emt 0:01:09] is the new trend.} 7. Nge2 bxc4 8. Nf4 {[%emt 0:00:07] The position is equal.} e5 9. Nfe2 Nbd7 10. h4 Nb6 $36 {[%emt 0:02:02][%mdl 2048] [#] Black is more active.} 11. Bg5 $146 ({Predecessor:} 11. Kf2 Bd7 12. h5 h6 13. g4 Qe7 14. Ng3 O-O-O 15. Qc2 Bxc3 16. Qxc3 g6 17. a4 gxh5 {1-0 (30) Tutisani,N (2442)-Hasanzade,T (2297) Terme Catez 2022}) 11... h6 12. Bd2 Ng8 13. g4 {[%emt 0:02:57] Inhibits f5.} h5 14. g5 Ne7 15. f4 {[%emt 0:09:31] [#]} (15. Ng3 $15) 15... Bg4 $1 $17 {[%emt 0:11:23] And now ...exf4 would win. Black is more active.} 16. Qc2 (16. Bh3 $17 {was called for.}) 16... exf4 $19 17. Nxf4 {[%emt 0:00:13] [#]} Qd7 (17... Ng6 $142 $1 {Strongly threatening ...0-0.} 18. Be2 Ne5) 18. a4 a5 {[%emt 0:07:51][%cal Ba7a5,Ba5b4,Bb4b3][%mdl 32] ...0-0 is the strong threat.} 19. Nb5 $2 {[%emt 0:01:34] This costs White the game.} (19. Bg2 $17) 19... O-O 20. Bxc4 Ng6 21. Nxg6 $2 (21. Bxb4 cxb4 22. O-O) 21... fxg6 22. Rf1 Bf3 23. Bxb4 axb4 24. Be2 Qg4 25. Bxf3 Rxf3 26. Rxf3 Qxf3 27. a5 b3 28. Qe2 Qh1+ 29. Qf1 Qxe4+ 30. Kd2 Nc4+ {[%emt 0:00:34] Weighted Error Value: White=1.30/Black=0.28 (precise)} 0-1

[Event "1000GM 0004 IM Norm 2022"]
[Site "Saint Louis"]
[Date "2022.09.24"]
[Round "6.2"]
[White "Wang, Tianqi"]
[Black "Tsolakidou, Stavroula"]
[Result "1/2-1/2"]
[ECO "C47"]
[WhiteElo "2424"]
[BlackElo "2400"]
[Annotator "TA"]
[PlyCount "48"]
[EventDate "2022.09.21"]
[EventType "tourn"]
[EventCountry "USA"]
[SourceTitle "playchess.com"]
[Source "ChessBase"]
[SourceQuality "1"]
[TimeControl "5400+30"]

1. e4 e5 2. Nf3 Nc6 3. Nc3 Nf6 4. d4 exd4 5. Nxd4 Nxe4 6. Nxe4 Qe7 $1 {[%emt 0:00:03] [#]} 7. Bd3 {[%emt 0:00:15] Nf5 is the strong threat. C47: Scotch Four Knights and Four Knights with 4 g3.} Nxd4 8. O-O Ne6 {[%emt 0:01:04] Prevents Bg5.} 9. Re1 d5 10. Ng5 h6 11. Qh5 {[%emt 0:11:40][%cal Og5f7] [#]} hxg5 12. Qxh8 $16 {[%emt 0:00:38] White is much more active.} Bd7 {[%emt 0:00:17] [#]} 13. Qh3 $146 ({Predecessor:} 13. Qh5 O-O-O 14. Be3 g6 15. Qf3 d4 16. Bd2 f5 17. Ba6 c6 18. Bc4 g4 19. Qb3 {1-0 (31) Dubov,D (2711)-Rasulov,V (2445) Chess.com INT 2022}) 13... O-O-O 14. Bf5 Qf6 15. Bxe6 (15. c3 $16) 15... Bxe6 $11 16. Qe3 Bd6 $1 {[%emt 0:01:07] Hoping for ...d4.} 17. Qxg5 ({White should try} 17. Qxa7 $11 d4 18. f3 (18. Qa8+ Kd7 $11)) 17... Bxh2+ $1 $15 18. Kf1 ({Don't blunder} 18. Kxh2 $2 Qxf2 19. Qxd8+ Kxd8 20. Bg5+ Kc8 $19) (18. Kh1 $15 {might be stronger.} Qxg5 19. Bxg5) 18... Bd6 $2 ({Better is} 18... Qd4 $17 {Strongly threatening ...Qc4+.} 19. f3 Qc4+ 20. Kf2 f6) 19. Qxf6 $14 gxf6 20. Be3 c5 21. c3 $1 {[%emt 0:03:01] Inhibits d4.} Kd7 (21... b6 $14 {is superior.}) 22. Rad1 (22. Ke2 $16) 22... Rg8 23. Rd2 Kc6 24. Red1 b6 {[%emt 0:02:45] Weighted Error Value: White=0.23 (precise) /Black=0.26 (precise)} 1/2-1/2

[Event "1000GM 0004 IM Norm 2022"]
[Site "Saint Louis"]
[Date "2022.09.24"]
[Round "6.3"]
[White "Chen, Ryo"]
[Black "Cervantes Landeiro, Thalia"]
[Result "1-0"]
[ECO "C78"]
[WhiteElo "2256"]
[BlackElo "2280"]
[Annotator "TA"]
[PlyCount "148"]
[EventDate "2022.09.21"]
[EventType "tourn"]
[EventCountry "USA"]
[SourceTitle "playchess.com"]
[Source "ChessBase"]
[SourceQuality "1"]
[TimeControl "5400+30"]

1. e4 e5 2. Nf3 Nc6 3. Bb5 a6 4. Ba4 Nf6 5. d3 b5 6. Bb3 Bc5 7. O-O d6 8. c3 O-O {[%emt 0:03:52] 8...h6 injects fresh life into this line.} 9. Bg5 {[%emt 0:00:49] C78: Ruy Lopez: Archangelsk and Möller Defences.} Bb6 10. Nbd2 Be6 11. Re1 {[%emt 0:00:32] White is slightly better.} h6 12. Bh4 g5 13. Bg3 {[%emt 0:00:18] [#]} Nh7 $146 ({Predecessor:} 13... Nd7 14. Nf1 Qf6 15. Ne3 Bxe3 16. Rxe3 Ne7 17. Bc2 Ng6 18. d4 Nb6 19. b3 h5 {1-0 (41) Carlsen,M (2813)-Ponomariov,R (2737) Nice 2010}) 14. Nf1 Qf6 15. Ne3 Ne7 ({Better is} 15... Bxe3 $14 16. fxe3 Bxb3 17. axb3 Qg6) 16. d4 $16 Ng6 17. Bxe6 fxe6 18. dxe5 $1 dxe5 19. Ng4 Qg7 20. Ngxe5 Nxe5 21. Nxe5 Bxf2+ 22. Bxf2 Qxe5 23. Bg3 Qc5+ 24. Kh1 (24. Qd4 $5 Qc6 25. Rf1 $14) 24... Nf6 25. Qe2 Rad8 26. a4 Rd7 27. axb5 axb5 28. Ra6 {[%emt 0:03:11] Inhibits Qc6.} c6 29. Bf2 Qc4 30. Qxc4 bxc4 31. Bg1 Ng4 32. Rxc6 Nf2+ 33. Bxf2 Rxf2 34. Rxe6 Rxb2 35. Rxh6 $14 {[%emt 0:00:38][%mdl 4096] Endgame KRR-KRR} Kg7 36. Rh3 (36. Rc6 $16) 36... Re2 $1 $11 37. Rf1 Rxe4 38. Rg3 Kg6 39. h3 Rd5 40. Rf8 Rc5 (40... Rf5 $142 41. Rc8 Rfe5) 41. Rg8+ $16 Kh6 42. Kh2 Rf4 $2 (42... Rf5 $16) 43. Re3 $18 Kh7 44. Rd8 Kg6 45. Rd6+ Rf6 46. Rd4 ({White must play} 46. Rxf6+ $1 $18 Kxf6 47. Re4) 46... Ra6 47. Kg3 {[%emt 0:01:24] Threatens to win with Kg4. White is more active.} Rac6 $2 (47... Ra2 $16 48. Rd6+ Kg7 49. Re7+ Kf8) 48. Kg4 Rf6 49. Ree4 Rfc6 50. g3 Kf6 51. Re8 Kf7 52. Rde4 Kf6 53. Rg8 Rd6 54. Rf8+ Kg6 (54... Kg7 {is a better defense.} 55. Rf2 Rd7) 55. Rf3 {[%emt 0:01:03] Strongly threatening Re8.} Rdc6 $2 (55... Rd3 {was necessary.} 56. h4 gxh4 57. Re6+ (57. gxh4 Rc7 $16) 57... Kg7) 56. Rfe3 Kf6 57. Kh5 {[%emt 0:00:31] Black must now prevent g4.} Rf5 (57... Kg7 $142 58. Re7+ Kf6) 58. Re8 Kg7 {[%emt 0:00:33] Inhibits Rf8.} 59. R3e7+ Rf7 60. Rxf7+ ({And not} 60. Kxg5 Rg6+ 61. Kh5 Rh6+ 62. Kg5 Rg6+ 63. Kh5 Rh6+ 64. Kg5 Rg6+ $11) 60... Kxf7 {[%emt 0:00:01] KR-KR} 61. Re5 Rd6 62. Rf5+ $2 (62. Kxg5 $18 Rd3 63. Kg4 (63. Rf5+ Ke6 $16)) 62... Ke6 $16 63. Kg4 Rd3 64. Rf3 (64. Rxg5 $16 {And now h4 would win.} Rxc3 65. h4) 64... Rd5 $2 (64... Kd5 $1 $11) 65. h4 $18 gxh4 66. gxh4 {[%emt 0:00:11][%cal Bg3h4,Bh4h5,Bh5h6,Bh6h7][%mdl 32] h5 would kill now.} Rd8 $2 (66... Rd1 67. Re3+ Kf6) 67. h5 {[%emt 0:00:10] Intending h6 and mate.} Rg8+ 68. Kh4 {[%emt 0:00:07] Threatening mate with h6.} Ke5 69. h6 {[%emt 0:00:09] White mates.} Ke4 {[%emt 0:00:39] [#]} 70. Rg3 $1 Rh8 {[%emt 0:00:17] [#]} 71. Kh5 $1 Kf5 72. Rg7 Kf6 73. Rc7 Re8 74. h7 Rh8 {[%emt 0:00:39] Weighted Error Value: White=0.17 (very precise) /Black=0.33} 1-0

[Event "1000GM 0004 IM Norm 2022"]
[Site "Saint Louis"]
[Date "2022.09.24"]
[Round "6.4"]
[White "Marek, Matyas"]
[Black "Krishnan, Varun"]
[Result "1-0"]
[ECO "B31"]
[WhiteElo "2338"]
[BlackElo "2306"]
[Annotator "TA"]
[PlyCount "109"]
[EventDate "2022.09.21"]
[EventType "tourn"]
[EventCountry "USA"]
[SourceTitle "playchess.com"]
[Source "ChessBase"]
[SourceQuality "1"]
[TimeControl "5400+30"]

1. e4 c5 2. Nf3 Nc6 3. Bb5 g6 4. O-O Bg7 5. c3 e5 6. d3 Nge7 7. Be3 Qb6 {[%emt 0:03:15] B31: Sicilian: 2...Nc6 3 Bb5 g6.} (7... d6 $11 {remains equal.}) 8. Na3 $16 O-O 9. b4 d6 {[%emt 0:00:47] [#] White is better.} 10. Nc4 $1 Qc7 (10... Qxb5 $2 11. a4 Qxc4 12. dxc4 $18) 11. bxc5 d5 12. Nd6 {[%emt 0:01:47] [#]} Bd7 $146 ({Predecessor:} 12... Bg4 13. h3 Bxf3 14. Qxf3 d4 15. cxd4 exd4 16. Bg5 Ne5 17. Qg3 b6 18. f4 N5c6 19. f5 Be5 20. Bf4 Bxf4 21. Qxf4 f6 22. Bc4+ {1-0 (22) Joksic,S (2370)-Vadla,Z Donji Milanovac 1979}) 13. Ba4 b6 14. Nb5 {[%emt 0:01:39] White is much more active.} Qb7 15. Rb1 Rab8 16. cxb6 axb6 17. c4 dxe4 18. dxe4 Bg4 19. Nc3 Nd4 20. Bxd4 exd4 21. Nd5 Nxd5 22. exd5 (22. cxd5 $16 f5 23. h3 fxe4 24. hxg4 exf3 25. gxf3) 22... Qc7 23. Bc6 Qf4 24. Rb3 Bf5 25. Re1 d3 {[%emt 0:02:14] [#]} 26. Bb5 Ra8 27. a4 Ra7 28. g3 Qg4 29. Nh4 d2 (29... Re7 {might work better.}) 30. Qxd2 $18 Bc8 (30... Bd7 $142 31. Re7 Bxb5 32. Rxa7 Bxc4) 31. Nf3 Bf5 $2 (31... Ba6 32. Bxa6 Rxa6) 32. Ne5 Qh3 33. Nc6 Bh6 (33... Raa8 $142 34. Ne7+ Kh8 35. Nxf5 Qxf5) 34. Qd4 Bg7 35. Qxb6 Rd7 36. Ne7+ Rxe7 37. Rxe7 Qg4 38. Re1 Bd4 39. Qd6 Bc2 40. Ra3 g5 41. Qb4 Be4 42. Qd2 Bc5 43. h3 Qf5 {[%emt 0:00:57] [#]} 44. Rae3 $1 Bxe3 (44... Qxh3 45. Rxe4) 45. Qxe3 Bf3 {[%emt 0:00:15] [#]} 46. Bd7 $1 Qf6 47. Bg4 Bxg4 48. hxg4 {[%emt 0:00:05][%mdl 4096] Endgame Black must now prevent c5. KQR-KQR} Ra8 49. c5 {[%emt 0:00:49] Hoping for d6.} Qd8 50. d6 {[%emt 0:00:09][%cal Bd5d6,Bd6d7][%mdl 32] White mates.} h6 51. Qd4 Qa5 52. Rd1 Qa6 53. d7 Rd8 54. Qd6 Qxa4 55. c6 {[%emt 0:00:06] Weighted Error Value: White=0.14 (very precise) /Black=0.42} 1-0

[Event "1000GM 0004 IM Norm 2022"]
[Site "Saint Louis"]
[Date "2022.09.24"]
[Round "6.5"]
[White "Antova, Gabriela"]
[Black "Eckert, Doug"]
[Result "1/2-1/2"]
[ECO "D11"]
[WhiteElo "2305"]
[BlackElo "2165"]
[Annotator "TA"]
[PlyCount "73"]
[EventDate "2022.09.21"]
[EventType "tourn"]
[EventCountry "USA"]
[SourceTitle "playchess.com"]
[Source "ChessBase"]
[SourceQuality "1"]
[TimeControl "5400+30"]

1. d4 d5 2. c4 c6 3. Nf3 Nf6 4. e3 Bg4 5. Nc3 e6 6. h3 Bh5 7. g4 Bg6 8. Ne5 {[%emt 0:03:24] Threatening h4. D11: Slav Defence: 3 Nf3 sidelines and 3...Nf6 4 e3 Bg4.} Nfd7 9. Nxg6 hxg6 10. Qb3 {[%emt 0:06:39] White is slightly better. is the legacy move (10.Bd2).} Qb6 11. Bd2 Be7 12. O-O-O {[%emt 0:07:42] [#]} Qxb3 $146 ({Predecessor:} 12... Na6 13. e4 dxe4 14. Qxb6 axb6 15. Nxe4 Nf6 16. Ng3 O-O-O 17. Be3 c5 18. Bg2 cxd4 19. Bxd4 {½-½ (50) Serper,G (2574)-Gurevich,M (2667) Cap d'Agde 2000}) 13. axb3 a5 14. e4 dxe4 15. Nxe4 Nf6 16. Bg2 O-O 17. f4 Rd8 18. Bc3 Nxe4 19. Bxe4 Bb4 (19... a4 $11) 20. Kc2 Nd7 21. h4 (21. Ra1 $14) 21... Nb6 (21... Bd6 $11 {keeps the balance.}) 22. h5 $16 gxh5 23. gxh5 Bxc3 24. bxc3 a4 25. Rdg1 (25. Bd3 $5 ) 25... axb3+ 26. Kxb3 Nd7 (26... Ra5 $11 {remains equal.}) 27. Rg5 {[%emt 0:04:53] Black must now prevent Rhg1. White is more active.} Nf6 28. Bf3 (28. Bb1 $5 ) 28... Kf8 29. f5 ({White should play} 29. Rhg1 $14) 29... Ra5 30. c5 $1 {[%emt 0:00:45] fxe6 is the strong threat.} ({Reject} 30. h6 g6 $15) 30... e5 31. h6 gxh6 {[%emt 0:04:21] The position is equal.} 32. Rxh6 e4 33. Rxf6 {[%emt 0:04:10] [#] And now Bh5 would win.} exf3 34. Rg3 Rb5+ (34... f2 $5 35. Rf3 $8 Ke7 $11) 35. Kc4 f2 36. Rf3 Kg7 {[%emt 0:01:44] Prevents Rh6.} 37. Rd6 {[%emt 0:00:25] Weighted Error Value: White=0.18 (very precise) /Black=0.17 (very precise)} 1/2-1/2